 Dungeon Crawl Stone Soup version 0.27.0-1-g7a089689b8 (webtiles) character file.

Game seed: 818970518875480837

49 Malachi the Chiller (level 3, -1/24 HPs)
             Began as a Demonspawn Ice Elementalist on Aug 17, 2021.
             Slain by a goblin (4 damage)
             ... led by Robin
             ... on level 2 of the Dungeon.
             The game lasted 00:03:01 (2455 turns).

Malachi the Chiller (Demonspawn Ice Elementalist)   Turns: 2455, Time: 00:03:02

Health: -1/24      AC:  2    Str:  6 (8)  XL:     3   Next: 51%
Magic:  7/7        EV: 12    Int: 14 (17) God:
Gold:   35         SH:  0    Dex: 12 (13) Spells: 6/7 levels left

rFire    . . .     SeeInvis .   (no weapon)
rCold    . . .     Faith    .   (no shield)
rNeg     . . .     Spirit   .   a - +0 robe
rPois    .         Reflect  .   (no helmet)
rElec    .         Harm     .   (no cloak)
rCorr    .         Rampage  .   (no gloves)
Will     .....                  (no boots)
Stlth    ++........             (no amulet)
HPRegen  0.08/turn              (no ring)
MPRegen  0.10/turn              (no ring)

@: no status effects
A: hooves 1
a: no special abilities


You were on level 2 of the Dungeon.
You visited 1 branch of the dungeon, and saw 2 of its levels.

You collected 35 gold pieces.

Inventory:

Armour
 a - a +0 robe (worn)
Scrolls
 b - a scroll of teleportation
 e - a scroll of magic mapping {unknown}
 f - 2 scrolls of identify {unknown}


   Skills:
 + Level 1.9 Dodging
 + Level 1.9 Stealth
 + Level 0.6 Unarmed Combat
 + Level 2.8 Spellcasting
 * Level 4.1 Ice Magic


You had 6 spell levels left.
You knew the following spells:

 Your Spells              Type           Power      Damage    Failure   Level
a - Freeze                Ice            52%        1d7       4%          1

Your spell library contained the following spells:

 Spells                   Type           Power      Damage    Failure   Level
 Frozen Ramparts          Ice            26%        1d4       12%         3
 Ozocubu's Armour         Ice            13%        N/A       12%         3
 Hailstorm                Conj/Ice       7%         3d4       67%         4


Dungeon Overview and Level Annotations

Branches:
Dungeon (2/15)

Altars:

Shops:
D:2 *

Annotations:
D:2 Robin


Innate Abilities, Weirdness & Mutations

You have large cloven feet.


Message History

It was a potion of degeneration.
There was something very wrong with that liquid.
You feel weakened.
You feel dopey.
You feel clumsy.
You hear an angry hiss.
The goblin misses you.
An adder comes into view.
Robin says, "Kneel, worm!"
Robin throws the goblin at you!
The goblin shouts!
The goblin closely misses you.
The goblin unwields a +0 club.
The goblin wields a +0 hunting sling.
The goblin shoots a stone.
The stone misses you. The goblin barely misses you.
The goblin hits you with a +0 dagger.
A hobgoblin comes into view.
Robin roars a battlecry!
The hobgoblin shouts!
Robin throws the goblin at you! The goblin closely misses you.
The goblin hits you with a +0 dagger.
It was a potion of curing.
You feel better. The goblin barely misses you.
The goblin closely misses you. x2
You closely miss the goblin. The goblin hits you with a +0 dagger.
The goblin unwields a +0 hunting sling.
The goblin wields a +0 club.
The goblin hits you with a +0 club. The goblin hits you with a +0 dagger.
The goblin barely misses you. The goblin completely misses you.
You closely miss the goblin. Your kick misses the goblin.
The goblin hits you but does no damage.
A hobgoblin comes into view.
The goblin hits you with a +0 dagger. The goblin hits you but does no damage.
The goblin closely misses you. The goblin barely misses you.
You are too injured to fight recklessly!
You are too injured to fight recklessly!
You are too injured to fight recklessly!
You closely miss the goblin.
The goblin hits you with a +0 dagger. x2
* * * LOW HITPOINT WARNING * * *
The goblin misses you. The goblin barely misses you. The goblin misses you.
Unknown command.
You barely miss the goblin. The goblin closely misses you.
The goblin hits you but does no damage. The goblin misses you.
The goblin completely misses you. The goblin hits you with a +0 dagger.
You die...

### ######### ..#
#########.......# ..#
##...............#
..####...P.P..#.......#
......PP♣.♣P..####.####
..####PP♣♣♣♣♣.####.#
..####♣.♣♣♣.P......# ###
.......♣♣..P.#.#######...
..###..P♣P♣.P..g@g#......
..#....#P......ggggg.....
<......##......rgggg.....
....#.##.........g.g.....
#####....##..........S...
##.....####.....(....g...
##.#...# #...............
...)...###...............
........#..#.............


You could see Robin, an adder, 4 hobgoblins, 9 goblins and a rat.

Vanquished Creatures
  4 dart slugs
  3 ball pythons (D:1)
  3 bats (D:1)
  2 endoplasms
  3 giant cockroaches
  3 goblins
  2 hobgoblins (D:2)
  3 quokkas
  7 frilled lizards
  5 kobolds
  6 rats
41 creatures vanquished.

Vanquished Creatures (others)
  4 plants (D:2)
4 creatures vanquished.

Grand Total: 45 creatures vanquished

Notes
Turn   | Place    | Note
-------+----------+-------------------------------------------
     0 | D:1      | Malachi the Demonspawn Ice Elementalist began the quest for
                  | the Orb.
     0 | D:1      | Reached XP level 1. HP: 13/13 MP: 3/3
   808 | D:1      | Gained mutation: You have large cloven feet. [demonic
                  | ancestry]
   808 | D:1      | Reached XP level 2. HP: 16/19 MP: 1/5
  1690 | D:1      | Reached XP level 3. HP: 24/24 MP: 4/6
  1876 | D:1      | Reached skill level 4 in Ice Magic
  2046 | D:2      | Found Iloef's General Store.
  2443 | D:2      | Noticed Robin
  2455 | D:2      | Slain by a goblin

Illustrated notes

Levels and vault maps discovered:
D:1:      grunt_arrival_lava_bath, layout_basic
D:2:      layout_rooms, serial_forest, infiniplex_forest_lined_3,
          infiniplex_forest_clump_medium, infiniplex_forest_straight_5,
          infiniplex_forest_clump_double, serial_shops,
          nicolae_shop_window_shopping, serial_bayou_pond_c, uniq_robin

Skill      XL: |  1  2  3 |
---------------+----------+-----
Ice Magic      | 4 |  4.1
Dodging        | |  1.9
Stealth        | |  1.9
Unarmed Combat | |  0.6
Spellcasting   | |  2.8

Action                   || total
-------------------------++-------
Melee: Unarmed           ||    41
       Kick              ||     7
 Cast: Freeze            ||    58
  Use: Potion            ||     2
       Scroll            ||     1
 Stab: Sleeping          ||     1
Armor: Robe              ||    25
Dodge: Dodged            ||   112
